Map: Disco Bloodbath LE

Players

Mez

  • Race: Terran Terran
  • League: Master
  • Spawn Location: 3:00

Frost - Winner!

  • Race: Terran Terran
  • League: Master
  • Spawn Location: 9:00

VOD

Have the link to the VOD?

Description

Time

  • Played on: Aug. 24, 2019, 9:33 p.m.
  • Length: 12:39
Show
View Real Time Build Order
Export as new Build Order

Mez Terran 

Build Orders: Cyclone Opening, Gas First Reaper Expand 

Get SALT Encoding   

  12  0:01  SCV  
  13  0:13  SCV  
  14  0:17  Supply Depot  
  14  0:25  SCV  
  14  0:27  Refinery  
  15  0:38  SCV  
  16  0:44  Barracks  
  16  0:51  SCV  
  17  1:03  SCV  
  18  1:15  SCV  
  19  1:32  Orbital Command, Reaper  
  20  1:42  Command Center  
  20  1:53  Factory  
  20  1:58  SCV  
  21  2:05  Barracks Reactor  
  21  2:08  Supply Depot  
  21  2:11  SCV  
  22  2:15  Refinery  
  22  2:23  SCV  
  23  2:38  Factory Tech Lab  
  23  2:41  Marine x2  
  23  2:43  SCV  
  26  2:55  SCV, Orbital Command  
  26  2:56  Cyclone  
  30  3:03  Refinery  
  30  3:05  Marine x2  
  31  3:10  Starport  
  31  3:12  SCV  
  32  3:21  SCV  
  32  3:24  SCV  
  32  3:25  Marine x2  
  36  3:45  SCV x2  
  36  3:46  Marine x2  
  36  3:47  Cyclone  
  36  3:48  Starport Tech Lab  
  43  3:57  SCV x2  
  43  4:02  Supply Depot  
  45  4:09  Raven  
  47  4:12  Marine, SCV x2  
  47  4:13  Marine  
  51  4:20  Siege Tank  
  51  4:24  SCV x2  
  56  4:28  Supply Depot  
  56  4:30  Marine x2  
  58  4:36  SCV x2  
  60  4:50  Marine x2  
  60  4:52  Raven  
  64  4:53  Command Center  
  64  4:59  Siege Tank, SCV  
  68  5:02  Supply Depot  
  68  5:05  SCV  
  69  5:08  Supply Depot  
  69  5:15  Marine  
  70  5:22  Marine  
  63  5:36  Siege Tank, SCV x2  
  66  5:45  Marine x2  
  62  5:50  SCV  
  58  6:00  SCV  
  58  6:02  SCV  
  59  6:10  Orbital Command  
  59  6:16  SCV x2  
  61  6:23  Raven  
  61  6:25  Siege Tank  
  66  6:26  Marine  
  66  6:27  Marine  
  66  6:28  SCV  
  66  6:30  SCV  
  70  6:40  SCV x2  
  72  6:47  Barracks x2  
  72  6:48  SCV  
  72  6:49  Marine x2  
  72  6:52  SCV  
  77  6:54  SCV  
  77  7:00  SCV  
  78  7:03  Supply Depot  
  78  7:04  Engineering Bay  
  78  7:06  Engineering Bay  
  78  7:07  Refinery  
  78  7:21  Medivac x2  
  82  7:23  SCV x2  
  82  7:26  SCV  
  82  7:28  Barracks  
  82  7:29  Barracks, Supply Depot  
  85  7:35  SCV x2  
  87  7:41  SCV  
  87  7:42  Barracks Reactor x2  
  88  7:47  SCV  
  88  7:51  SCV  
  89  7:53  SCV, Medivac x2  
  94  8:01  SCV  
  94  8:03  SCV  
  94  8:04  Marine  
  94  8:05  Stimpack, Refinery  
  97  8:06  Terran Infantry Armor Level 1, Terran Infantry Weapons Level 1  
  97  8:09  SCV  
  98  8:13  SCV  
  98  8:21  Marine x5  
  98  8:24  Barracks Reactor x2  
  103  8:28  Missile Turret  
  103  8:29  Missile Turret  
  103  8:30  Medivac  
  103  8:31  Medivac  
  103  8:33  Siege Tank, Supply Depot  
  111  8:34  SCV x3, Supply Depot  
  111  8:39  Marine  
  114  8:46  SCV x3  
  117  8:55  Marine x4, Supply Depot  
  121  8:57  Marine  
  121  8:58  SCV, Supply Depot  
  121  8:59  Armory  
  121  9:00  Marine x3  
  121  9:01  Command Center  
  126  9:03  Factory  
  126  9:14  Marine x3  
  126  9:15  Marine x3  
  132  9:18  SCV x2  
  132  9:19  Refinery  
  132  9:20  SCV  
  132  9:23  Supply Depot  
  135  9:25  Supply Depot  
  135  9:26  Marine x2, Missile Turret  
  135  9:27  Marine  
  135  9:30  SCV  
  139  9:39  Siege Tank  
  139  9:41  Marine x3  
  139  9:42  Marine x3  
  148  9:46  Combat Shield  
  148  9:49  Terran Vehicle Weapons Level 1  
  148  9:53  Marine  
  148  9:59  Marine  
  149  10:00  Marine x5  
  149  10:01  Factory Tech Lab  
  139  10:07  Marine  
  139  10:11  Siege Tank  
  121  10:28  Marine x7  
  113  10:32  Planetary Fortress  
  98  10:52  SCV  
  98  10:53  Marine x2, SCV x2  
  98  10:54  Marine x7  
  98  10:55  Siege Tank x2  
  116  11:04  SCV  
  116  11:05  SCV x2  
  119  11:11  Marine x2  
  119  11:15  Marine x7  
  119  11:17  SCV x3  
  131  11:21  Medivac x2  
  135  11:29  Marine x2, SCV  
  135  11:31  Siege Tank  
  140  11:33  Marine x2  
  142  11:40  Marine x4  
  146  11:51  Marine  
  141  12:03  Siege Tank  
  133  12:14  Marine x6  
Show
View Real Time Build Order
Export as new Build Order

Frost Terran - Winner!

Build Orders: 1/1/1, Liberator Opening 

Get SALT Encoding   

  12  0:01  SCV  
  13  0:13  SCV  
  14  0:16  Supply Depot  
  14  0:25  SCV  
  15  0:36  Refinery  
  15  0:38  SCV  
  16  0:43  Barracks  
  16  0:50  SCV  
  17  0:57  Refinery  
  17  1:02  SCV  
  18  1:20  SCV  
  19  1:31  Reaper  
  20  1:32  Orbital Command  
  20  1:39  Factory  
  20  1:46  Supply Depot  
  20  1:59  SCV  
  21  2:03  Reaper  
  22  2:12  SCV  
  23  2:24  SCV  
  23  2:25  Starport  
  23  2:26  Hellion  
  23  2:28  Supply Depot  
  26  2:35  Reaper  
  27  2:44  SCV  
  27  2:48  Liberator  
  27  2:50  Hellion  
  30  3:12  SCV  
  34  3:14  Command Center  
  34  3:16  Factory Tech Lab  
  34  3:24  SCV  
  35  3:28  Supply Depot  
  35  3:30  Marine  
  35  3:33  Liberator  
  32  3:44  Cyclone, SCV  
  36  3:51  Marine  
  40  3:56  SCV  
  40  4:02  Supply Depot  
  41  4:08  SCV  
  42  4:10  Marine  
  43  4:19  Cyclone  
  43  4:21  SCV  
  47  4:26  Orbital Command  
  48  4:33  Engineering Bay  
  48  4:34  SCV  
  48  4:35  Starport Reactor  
  48  4:42  Barracks Tech Lab  
  48  4:46  SCV  
  48  4:51  Siege Tank  
  48  4:52  SCV  
  53  4:58  SCV, Barracks  
  53  4:59  Barracks  
  54  5:03  Marine  
  54  5:04  SCV  
  56  5:10  SCV  
  57  5:16  SCV  
  57  5:18  Viking  
  57  5:19  Viking  
  62  5:22  SCV  
  62  5:26  Refinery  
  62  5:27  Refinery  
  63  5:29  SCV  
  63  5:34  SCV  
  65  5:36  Terran Infantry Weapons Level 1  
  65  5:41  SCV  
  57  5:50  Barracks Reactor x2  
  57  5:51  Command Center  
  57  5:59  SCV x2  
  57  6:00  Marine  
  57  6:10  Barracks, Viking x2  
  61  6:11  Barracks, SCV x2  
  63  6:25  Siege Tank  
  63  6:26  Marine x3  
  63  6:27  Marine  
  70  6:36  Supply Depot  
  70  6:37  Supply Depot  
  70  6:39  Supply Depot  
  70  6:43  SCV x2  
  70  6:51  Stimpack  
  70  6:58  Marine x5, Barracks Reactor, SCV x2, Medivac x2  
  81  7:05  Orbital Command  
  81  7:10  SCV x2, Armory, Engineering Bay  
  81  7:14  Supply Depot, Barracks Reactor  
  83  7:15  Marine x2  
  85  7:26  Marine x3, Siege Tank  
  91  7:33  Marine x2  
  91  7:36  SCV  
  94  7:38  Marine, SCV  
  94  7:39  Medivac  
  94  7:40  Medivac  
  94  7:43  Orbital Command  
  100  7:44  Marine  
  100  7:51  Marine x4  
  102  7:52  Terran Infantry Armor Level 1  
  102  7:54  Marine x3  
  107  8:05  Marine x2  
  108  8:08  Marine  
  108  8:09  Marine  
  108  8:10  SCV x3  
  114  8:26  Marine x2  
  114  8:27  Marine  
  116  8:31  Combat Shield  
  116  8:34  Refinery  
  117  8:35  Refinery  
  117  8:37  Marine x5  
  117  8:38  SCV x3  
  117  8:40  Supply Depot x2  
  125  8:42  Supply Depot  
  125  8:45  Terran Infantry Weapons Level 2  
  125  9:02  Marine x6, Siege Tank, SCV x3, Medivac x2  
  141  9:03  Marine  
  141  9:09  Marine x2  
  144  9:14  SCV  
  145  9:19  Marine x4  
  149  9:28  Supply Depot  
  149  9:29  Supply Depot  
  149  9:36  Supply Depot x2  
  149  9:37  Supply Depot  
  149  9:40  Sensor Tower  
  149  9:50  Marine x8, Siege Tank, SCV x3, Medivac  
  165  9:57  Marine, Medivac  
  166  10:02  SCV  
  156  10:07  Marine x5  
  156  10:08  Marine x3  
  162  10:15  Marine  
  162  10:20  Medivac  
  148  10:23  Siege Tank  
  148  10:25  Marine x5  
  148  10:26  Marine x3  
  158  10:33  Marine  
  152  10:43  Marine x5  
  152  10:44  Marine x3  
  154  10:50  Marine  
  154  10:55  Siege Tank  
  157  10:57  SCV x2  
  157  11:01  Marine x6, Factory  
  165  11:10  Command Center  
  165  11:12  Sensor Tower  
  165  11:27  Siege Tank  
  168  11:43  Marine x5  
  168  11:44  Marine x3  
  168  11:45  Factory Tech Lab  
  167  11:59  Siege Tank  
  164  12:03  Marine x5  
Tags
 
Add a new tag
Caveats
  • Supply blocks, unpowered buildings, or Contaminate may cause inaccurate times.
  • Supply counts are checked every 10 seconds.